 Dungeon Crawl Stone Soup version 0.26-a0-317-ge2f3d4a7ca (webtiles) character file.

Game seed: 10941125121558188153

51 BritishOli the Skirmisher (level 3, 29/29 HPs)
             Began as a Demonspawn Fighter on July 16, 2020.
             Quit the game on level 2 of the Dungeon.
             The game lasted 00:00:48 (1336 turns).

BritishOli the Skirmisher (Demonspawn Fighter)      Turns: 1336, Time: 00:00:48

Health: 29/29      AC:  6    Str: 17    XL:     3   Next: 58%
Magic:  3/3        EV:  7    Int:  9    God:
Gold:   58         SH:  9    Dex: 12    Spells: 2/2 levels left

rFire    . . .     SeeInvis .   a - +0 long sword
rCold    . . .     Faith    .   c - +0 kite shield
rNeg     . . .     Spirit   .   b - +0 scale mail
rPois    .         Reflect  .   (no helmet)
rElec    .         Harm     .   (no cloak)
rCorr    .                      (no gloves)
MR       .....                  (no boots)
Stlth    ..........             (no amulet)
HPRegen  0.09/turn              (no ring)
MPRegen  0.08/turn              (no ring)

@: no status effects
A: rot immunity, sturdy frame 1
a: no special abilities


You were on level 2 of the Dungeon.
You visited 1 branch of the dungeon, and saw 2 of its levels.

You collected 58 gold pieces.

Inventory:

Hand Weapons
 a - a +0 long sword (weapon)
Armour
 b - a +0 scale mail (worn)
 c - a +0 kite shield (worn)
Jewellery
 h - an uncursed amulet of the acrobat {unknown}
Wands
 n - a wand of random effects (16)
Scrolls
 f - 2 scrolls of enchant weapon {unknown}
 g - a scroll of identify {unknown}
 i - a scroll of immolation {unknown}
 j - a scroll of remove curse {unknown}
 k - 2 scrolls of teleportation {unknown}
 m - a scroll of magic mapping {unknown}
 o - a scroll of fog {unknown}
 p - a scroll of fear {unknown}
Potions
 d - 3 potions of might
 e - a potion of haste {unknown}
 l - 2 potions of curing {unknown}


   Skills:
 + Level 3.4 Fighting
 + Level 2.3 Long Blades
 + Level 3.1 Armour
 + Level 3.1 Shields


You had 2 spell levels left.
You didn't know any spells.
Your spell library was empty.

Dungeon Overview and Level Annotations

Branches:
Dungeon (2/15)

Altars:
Dithmenos
Hepliaklqana


Innate Abilities, Weirdness & Mutations

You are immune to rotting.
Your movements are slightly less encumbered by armour. (ER -2)


Message History

No target in view!
Key pressed, stopping explore.
No target in view!
You see here a hunting sling.
You see here a +0 dagger.
You see here a leather armour.
Key pressed, stopping explore.
No target in view!
There is an open door here.
Key pressed, stopping explore.
No target in view!
Done exploring.
No target in view!
No target in view!
Done exploring.
No target in view!
Done exploring.
No target in view!
Done exploring.
Are you sure you want to abandon this character and quit the game? (Confirm with "yes".)

#.#..#....# #.###.#.##.##.#.###
#.#..#..### #.....#....##.#.#
#.<..#..##########†########.#.#
#....'........#..#.#.....[#...#
.....########.#..._.......#######
........# #.#.##.#.............
...####.# #.#.#....#>......###.
...# #.# #.#.#######.####.#...
...# #.#####.#.@..........#.#...
#######.....#.############.#.#.#.
#.....##.#.# #........#.#.#.
#.....##.#.#####.########.#.#.
#...(....#.......# #)....#.#. #
#######[.############.#####.#.
#8# #...#..............(#...#.##
..[8##.#.#)###############.#.#.#
....##.......).............#.#.#


There were no monsters in sight!

Vanquished Creatures
  2 adders (D:2)
  A worm (D:2)
  A dart slug (D:1)
  A ball python (D:1)
  2 giant cockroaches (D:2)
  6 goblins
  2 hobgoblins (D:1)
  4 kobolds
  5 bats
  2 frilled lizards (D:1)
  3 rats
29 creatures vanquished.

Notes
Turn   | Place    | Note
-------+----------+-------------------------------------------
     0 | D:1      | BritishOli the Demonspawn Fighter began the quest for the
                  | Orb.
     0 | D:1      | Reached XP level 1. HP: 18/18 MP: 1/1
   107 | D:1      | Gained mutation: Your movements are slightly less
                  | encumbered by armour. (ER -2) [demonic ancestry]
   107 | D:1      | Reached XP level 2. HP: 16/24 MP: 2/2
   602 | D:2      | Found a hazy altar of Hepliaklqana.
   790 | D:2      | Gained mutation: You are immune to rotting. [demonic
                  | ancestry]
   790 | D:2      | Reached XP level 3. HP: 29/29 MP: 3/3
   961 | D:2      | Found a shadowy altar of Dithmenos.
  1336 | D:2      | Quit the game

Illustrated notes

Levels and vault maps discovered:
D:1:      nzn_arrival_water_spiral, layout_rooms
D:2:      layout_basic, nicolae_overflow_hidden_temple, lemuel_crystal_altar

Skill      XL: |  1  2 |
---------------+-------+-----
Long Blades    | 2 |  2.3
Armour         | 3 |  3.1
Shields        | 3 |  3.1
Fighting       | |  3.4

Action                   || total
-------------------------++-------
Melee: Long sword        ||    94
Armor: Scale mail        ||    47
Dodge: Dodged            ||    33
Block: Kite shield       ||    47
       Rpst.: Long sword ||    14

Table legend:
 A = Non-vault XP
 B = Vault XP
 C = Vault XP percentage of total XP
 D = Non-vault monster count
 E = Vault monster count
 F = Vault count percentage of total count
                 A         B        C        D         E       F
            +---------+---------+-------+---------+---------+-------
      Total |      74 |       0 |   0.0 |      29 |       0 |   0.0
            +---------+---------+-------+---------+---------+-------
        D:1 |      26 |       0 |   0.0 |      16 |       0 |   0.0
        D:2 |      48 |       0 |   0.0 |      13 |       0 |   0.0
            +---------+---------+-------+---------+---------+-------
